Map: Blackburn LE

Players

LiquidClem (Clem) - Winner!

  • Race: Terran Terran
  • League: Grandmaster

Vanya

  • Race: Zerg Zerg
  • League: Master

Event: DreamHack SC2 Masters 2021 Summer

VOD

Have the link to the VOD?

Description

Time

  • Played on: May 19, 2021, 10:46 a.m.
  • Length: 10:56

All games in this series

Show
View Real Time Build Order
Export as new Build Order

LiquidClem Terran - Winner!

Build Orders: Reaper Expand, Hellion Banshee 

Get SALT Encoding   

  12  0:00  SCV  
  13  0:12  SCV  
  14  0:17  Supply Depot  
  14  0:24  SCV  
  15  0:38  SCV  
  15  0:40  Barracks  
  16  0:44  Refinery  
  16  0:50  SCV  
  17  1:02  SCV  
  18  1:15  SCV  
  19  1:26  Reaper  
  19  1:27  Orbital Command  
  20  1:40  Command Center  
  20  1:48  Supply Depot  
  20  1:52  SCV  
  21  1:58  Marine  
  22  2:04  SCV  
  23  2:12  Factory  
  23  2:16  SCV  
  23  2:21  Barracks Reactor  
  24  2:28  SCV  
  25  2:40  Command Center  
  25  2:42  SCV  
  26  2:53  Orbital Command  
  26  2:54  SCV  
  27  3:00  Starport  
  27  3:06  Refinery  
  27  3:07  SCV  
  30  3:13  Hellion  
  30  3:17  Hellion  
  30  3:19  SCV  
  33  3:22  SCV  
  33  3:25  Barracks Tech Lab  
  34  3:32  SCV  
  38  3:34  SCV, Hellion  
  38  3:38  Hellion  
  40  3:44  SCV  
  40  3:47  SCV  
  42  3:50  Banshee  
  42  3:55  Orbital Command  
  47  3:56  Hellion  
  47  3:58  SCV  
  47  3:59  Cloaking Field  
  49  4:02  SCV  
  49  4:05  Hellion  
  51  4:10  Supply Depot  
  51  4:11  Barracks Tech Lab  
  51  4:14  SCV x2  
  53  4:20  SCV  
  54  4:26  SCV  
  54  4:27  SCV  
  54  4:30  Barracks  
  56  4:33  Banshee  
  56  4:34  Factory Reactor, Supply Depot  
  56  4:35  SCV  
  61  4:38  SCV  
  61  4:40  Barracks, Marine  
  62  4:45  SCV  
  62  4:49  Stimpack  
  62  4:53  Refinery  
  62  4:56  Refinery  
  62  4:57  Supply Depot  
  62  4:58  Marine  
  62  5:00  SCV  
  62  5:01  SCV  
  62  5:04  Orbital Command  
  62  5:06  Engineering Bay x2  
  64  5:13  SCV x2  
  66  5:16  Marine  
  66  5:18  Marine x2  
  66  5:20  Supply Depot  
  69  5:24  Supply Depot  
  69  5:25  SCV, Siege Tank  
  69  5:27  SCV, Starport Reactor  
  74  5:32  SCV  
  74  5:34  Marine  
  76  5:36  Marine  
  76  5:37  SCV  
  76  5:38  Marine  
  76  5:42  Terran Infantry Armor Level 1, Terran Infantry Weapons Level 1  
  79  5:43  Marine, Supply Depot  
  79  5:44  Marine  
  79  5:45  SCV  
  79  5:47  SCV  
  83  5:52  Marine  
  83  5:54  SCV, Marine  
  83  5:55  Supply Depot  
  86  5:57  Marine  
  86  6:01  Marine  
  86  6:03  Marine  
  87  6:05  Medivac x2  
  87  6:08  SCV  
  87  6:09  SCV, Marine  
  87  6:11  SCV  
  95  6:13  Siege Tank  
  95  6:15  Supply Depot  
  95  6:17  Marine  
  95  6:18  Marine  
  99  6:20  SCV  
  99  6:21  SCV  
  99  6:24  Marine x2  
  104  6:27  Marine  
  104  6:29  Combat Shield  
  104  6:31  SCV  
  101  6:34  SCV  
  101  6:35  Marine  
  101  6:36  Marine  
  101  6:39  Factory  
  102  6:41  Refinery, Marine, Supply Depot  
  102  6:43  SCV, Marine  
  102  6:46  Marine  
  106  6:47  Siege Tank  
  106  6:50  Barracks  
  106  6:52  Barracks  
  109  6:57  Armory, Marine x2  
  109  6:59  SCV, Marine  
  109  7:01  Marine  
  114  7:05  Marine, Supply Depot  
  114  7:06  Supply Depot  
  114  7:11  Medivac x2  
  114  7:13  SCV  
  114  7:15  Marine, Missile Turret  
  115  7:17  Marine  
  115  7:19  Marine  
  115  7:20  Missile Turret  
  115  7:21  Missile Turret  
  110  7:22  Factory Reactor  
  110  7:23  Marine x2  
  110  7:24  Bunker  
  103  7:32  Marine  
  103  7:35  Marine  
  105  7:37  Marine  
  105  7:38  Missile Turret  
  105  7:39  Barracks Reactor  
  105  7:41  Barracks Reactor, Marine x2  
  105  7:44  Thor  
  105  7:45  SCV  
  105  7:48  SCV  
  105  7:49  SCV  
  105  7:50  Marine  
  115  7:52  Marine  
  115  7:56  Marine  
  116  7:59  Refinery, Marine  
  116  8:00  Refinery  
  116  8:03  Marine, Command Center  
  117  8:06  Widow Mine  
  117  8:07  Widow Mine, Drilling Claws  
  117  8:08  Marine  
  112  8:12  SCV  
  112  8:19  Marine x2  
  102  8:20  SCV, Marine  
  102  8:21  Marine x2  
  102  8:23  SCV  
  102  8:24  Marine  
  102  8:26  SCV, Marine x2  
  102  8:28  Widow Mine  
  102  8:29  Widow Mine, Medivac  
  102  8:31  Marine  
  102  8:33  Widow Mine  
  111  8:34  SCV  
  111  8:36  SCV, Marine  
  111  8:37  Marine  
  111  8:39  Medivac  
  107  8:42  Marine x2  
  107  8:43  Marine  
  107  8:44  Marine  
  107  8:45  Marine  
  103  8:49  Marine x2  
  103  8:52  Widow Mine  
  103  8:53  Widow Mine  
  103  8:55  Marine  
  110  9:04  SCV  
  110  9:05  SCV  
  110  9:07  SCV  
  113  9:13  Marine  
  113  9:14  Marine  
  113  9:15  Marine x2  
  113  9:16  SCV  
  118  9:18  Marine x2  
  118  9:20  Widow Mine x2  
  118  9:24  Thor  
  124  9:25  SCV  
  124  9:27  SCV  
  124  9:30  Marine  
  128  9:31  SCV  
  128  9:32  Marine  
  128  9:34  Marine x3  
  128  9:35  Marine x2  
  128  9:36  Marine  
  128  9:37  SCV  
  136  9:40  Planetary Fortress, Missile Turret  
  136  9:42  SCV  
  137  9:46  Widow Mine x2  
  137  9:48  Concussive Shells, Supply Depot  
  137  9:50  Marine  
  137  9:52  Marine  
  143  9:53  Marine  
  143  9:56  Marine x2  
  143  9:59  Marauder  
  148  10:05  Marine x2  
  148  10:09  SCV, Marine  
  148  10:10  Widow Mine, SCV x2, Hellion  
  148  10:11  Marine  
  151  10:14  Widow Mine  
  151  10:16  Marine  
  151  10:19  Marine  
  151  10:20  Marine x2  
  151  10:21  Marauder  
  141  10:22  SCV  
  141  10:23  Marine x2  
  141  10:25  SCV  
  141  10:27  Marine  
  146  10:28  Marine  
  146  10:31  Widow Mine  
  146  10:34  Marine  
  150  10:41  Supply Depot  
  156  10:45  Supply Depot  
Show
View Real Time Build Order
Export as new Build Order

Vanya Zerg 

Build Orders: Hatch First, Muta Ling Bane 

Get SALT Encoding   

  12  0:00  Drone  
  13  0:12  Overlord  
  13  0:17  Drone  
  14  0:30  Drone x2  
  16  0:48  Hatchery  
  15  0:51  Drone  
  15  0:54  Drone  
  17  0:57  Drone  
  18  1:08  Extractor  
  17  1:13  Spawning Pool  
  17  1:16  Drone  
  17  1:20  Drone  
  18  1:27  Drone  
  19  1:38  Drone  
  20  1:49  Drone  
  21  2:00  Queen x2  
  21  2:01  Zergling x4  
  27  2:14  Hatchery  
  26  2:19  Overlord  
  26  2:22  Drone  
  27  2:31  Metabolic Boost  
  27  2:35  Drone  
  27  2:39  Drone  
  27  2:40  Drone  
  29  2:49  Queen  
  30  2:53  Drone x2  
  30  2:56  Drone  
  30  2:57  Drone  
  34  3:01  Drone  
  35  3:11  Drone  
  36  3:13  Overlord  
  36  3:26  Queen x2  
  38  3:28  Drone  
  38  3:29  Drone  
  38  3:32  Drone x3  
  45  3:36  Zergling x4  
  45  3:41  Overlord  
  47  3:44  Overlord  
  47  3:46  Drone  
  47  3:47  Drone  
  49  3:49  Drone  
  50  4:00  Drone x6  
  56  4:05  Queen  
  56  4:09  Drone x2  
  60  4:10  Drone  
  60  4:15  Zergling x4  
  60  4:16  Zergling x2  
  64  4:20  Lair  
  64  4:25  Drone  
  64  4:26  Spore Crawler  
  64  4:28  Spore Crawler  
  64  4:29  Spore Crawler  
  64  4:31  Drone  
  63  4:32  Drone  
  63  4:33  Drone  
  63  4:37  Drone  
  66  4:45  Overlord  
  64  4:48  Drone x3  
  64  4:51  Overlord  
  66  4:55  Extractor, Overlord  
  66  4:56  Extractor, Drone x2  
  66  5:06  Zergling x8, Baneling Nest  
  69  5:09  Hatchery  
  69  5:11  Drone x4  
  69  5:13  Drone  
  69  5:14  Drone  
  73  5:17  Extractor  
  73  5:18  Extractor  
  73  5:20  Spire  
  70  5:22  Drone x2, Extractor  
  70  5:26  Drone x3  
  74  5:32  Overseer  
  74  5:34  Overlord  
  74  5:39  Drone x5  
  79  5:49  Drone x2  
  78  5:50  Drone x2  
  78  5:55  Zergling x12  
  85  5:59  Drone x3  
  85  6:00  Drone  
  80  6:13  Drone x5  
  85  6:23  Overlord  
  85  6:30  Overlord  
  83  6:35  Mutalisk x4  
  83  6:36  Mutalisk x3  
  83  6:38  Centrifical Hooks  
  96  6:41  Zergling x2  
  97  6:49  Mutalisk x3  
  97  6:52  Zergling x8  
  107  6:58  Zergling x8  
  111  7:01  Overlord  
  111  7:02  Overlord  
  111  7:04  Zergling x4  
  113  7:14  Zergling x16  
  115  7:25  Mutalisk x5  
  115  7:28  Drone  
  126  7:32  Baneling x7  
  126  7:35  Overlord  
  124  7:40  Zergling x12  
  130  7:44  Baneling x7  
  130  7:55  Zergling x18  
  139  7:58  Baneling x7  
  139  8:03  Zergling x2  
  139  8:04  Zergling x6  
  141  8:06  Baneling x6  
  111  8:21  Zergling x20  
  111  8:25  Drone x5  
  119  8:29  Evolution Chamber  
  119  8:31  Mutalisk, Evolution Chamber  
  119  8:32  Mutalisk  
  119  8:35  Zergling x6  
  116  8:42  Zergling x4  
  113  8:49  Drone x8  
  121  8:59  Zerg Melee Weapons Level 1, Zerg Flyer Weapons Level 1  
  121  9:00  Zerg Ground Armor Level 1  
  121  9:04  Mutalisk  
  121  9:05  Mutalisk x2  
  121  9:07  Mutalisk  
  129  9:11  Extractor  
  129  9:12  Drone x2  
  129  9:13  Extractor  
  129  9:14  Overseer  
  121  9:17  Drone  
  121  9:18  Drone x5  
  121  9:22  Baneling x8  
  126  9:24  Zergling x2  
  126  9:25  Zergling x4  
  126  9:33  Zergling x18  
  126  9:38  Mutalisk x2  
  132  9:45  Overlord x3  
  134  9:46  Mutalisk  
  134  9:52  Baneling x11  
  136  9:55  Overseer  
  130  10:14  Mutalisk x4  
  111  10:19  Zergling x28  
  123  10:24  Mutalisk x2  
  123  10:26  Zergling x2  
  123  10:27  Zergling x12  
  130  10:31  Hatchery  
  130  10:32  Baneling  
  130  10:33  Baneling  
  130  10:34  Zergling x10  
Tags
 
Add a new tag
Caveats
  • Supply blocks, unpowered buildings, or Contaminate may cause inaccurate times.
  • Supply counts are checked every 10 seconds.